 Dungeon Crawl Stone Soup version 0.21.1-1-g345015f (webtiles) character file.

131 suicidejoker the Covert (level 5, -4/34 HPs)
             Began as an Octopode Assassin on Apr 25, 2018.
             Slain by a gnoll
             ... wielding a +0 spear
              (9 damage)
             ... on level 3 of the Dungeon.
             The game lasted 00:03:15 (2590 turns).

suicidejoker the Covert (Octopode Assassin)         Turns: 2590, Time: 00:03:16

Health: -4/34      AC:  1    Str: 13    XL:     5   Next: 14%
Magic:  5/5        EV: 13    Int: 14    God:
Gold:   157        SH:  0    Dex: 13    Spells: 4/4 levels left

rFire    . . .     SeeInvis .   a - +2 dagger
rCold    . . .     Gourm    .   (no shield)
rNeg     . . .     Faith    .   (helmet restricted)
rPois    .         Spirit   .   (no amulet)
rElec    .         Reflect  .   n - +2 ring of strength
rCorr    .         Harm     .   (no ring)
MR       .....                  (no ring)
Stlth    +++++.....             (no ring)
HPRegen  0.11/turn              (no ring)
MPRegen  0.09/turn              (no ring)
                                (no ring)
                                (no ring)

@: no status effects
A: almost no armour, stealthy swim, amphibious, 8 rings, constrict 8, camouflage
1, gelatinous body 1
a: no special abilities


You were on level 3 of the Dungeon.
You were hungry.

You visited 1 branch of the dungeon, and saw 3 of its levels.

You collected 157 gold pieces.

Inventory:

Hand Weapons
 a - a +2 dagger (weapon)
 b - a +0 blowgun
Missiles
 c - 8 poisoned needles
 d - 2 curare-tipped needles
 e - 27 arrows
 h - 42 bolts
 k - 79 stones (quivered)
 p - 4 javelins
 r - 20 sling bullets
Jewellery
 n - a +2 ring of strength (left tentacle)
Scrolls
 g - 2 scrolls of identify {unknown}
 i - a scroll of amnesia {unknown}
 j - a scroll of blinking {unknown}
 l - 4 scrolls of remove curse {unknown}
 q - a scroll of noise {unknown}
 s - a scroll of immolation {unknown}
 t - a scroll of enchant weapon {unknown}
Potions
 m - 2 potions of curing {unknown}
 o - a potion of might {unknown}
 u - a potion of lignification {unknown}
Comestibles
 f - 4 rations


   Skills:
 - Level 2.0 Fighting
 - Level 2.0 Short Blades
 - Level 2.0 Throwing
 - Level 1.0 Dodging
 + Level 8.8 Stealth


You had 4 spell levels left.
You didn't know any spells.

Dungeon Overview and Level Annotations

Branches:
Dungeon (3/15)

Altars:
Ashenzari


Innate Abilities, Weirdness & Mutations

You cannot wear most types of armour.
You are very stealthy in the water. (Stealth+)
You are amphibious.
You can wear up to eight rings at the same time.
You can use your tentacles to constrict eight enemies at once.
Your skin changes colour to match your surroundings (Stealth+).
Your rubbery body absorbs attacks. (AC +1, EV +1)


Message History

You kill the gnoll!
The gnoll shouts!
Things that are here:
a spear; a gnoll corpse You hit the frilled lizard.
You kill the frilled lizard!
The gnoll hits you from afar with a spear.
Things that are here:
a spear; a gnoll corpse The gnoll hits you from afar with a spear.
The gnoll hits you with a spear!
* * * LOW HITPOINT WARNING * * *
Things that are here:
a spear; a gnoll corpse You barely miss the gnoll.
You grab the gnoll. You constrict the gnoll. The gnoll misses you.
You hit the gnoll.
The gnoll is moderately wounded.
You constrict the gnoll. The gnoll hits you with a spear!
You die...

.....#.....#...##### #
######.#######.....####
#...........#.....
#...........######
#...........#
#...........#
#...........#
#.###.####.## #@##..#
#... ######g...###
##### #....†(.....##
#.............#
.................
..................
.........(.......%
..................
..................


You could see a gnoll.

Vanquished Creatures
  2 gnolls (D:3)
  5 adders
  2 worms (D:2)
  3 dart slugs
  2 leopard geckos
  An orc (D:3)
  3 giant cockroaches
  7 goblins
  6 hobgoblins
  4 jackals (D:2)
  A quokka (D:2)
  4 bats
  5 frilled lizards
  2 kobolds
  9 rats
56 creatures vanquished.

Notes
Turn   | Place    | Note
-------+----------+-------------------------------------------
     0 | D:1      | suicidejoker the Octopode Assassin began the quest for the Orb.
     0 | D:1      | Reached XP level 1. HP: 14/14 MP: 1/1
    70 | D:1      | Reached skill level 6 in Stealth
    70 | D:1      | Reached XP level 2. HP: 11/19 MP: 2/2
   664 | D:1      | Reached XP level 3. HP: 24/24 MP: 3/3
   898 | D:2      | Reached skill level 7 in Stealth
  1233 | D:2      | Reached XP level 4. HP: 15/29 MP: 4/4
  1760 | D:2      | Reached skill level 8 in Stealth
  2534 | D:3      | Found a shattered altar of Ashenzari.
  2577 | D:3      | Reached XP level 5. HP: 20/34 MP: 5/5
  2590 | D:3      | Slain by a gnoll

Skill      XL: |  1  2  3  4 |
---------------+-------------+-----
Stealth        | 6 7 8 |  8.8
Fighting       | |  2.0
Short Blades   | |  2.0
Throwing       | |  2.0
Dodging        | |  1.0

Action                   |  1- 3 |  4- 6 || total
-------------------------+-------+-------++-------
Melee: Dagger            |    65 |    45 ||   110
       Constrict         |    17 |     9 ||    26
       Tentacles         |    11 |     7 ||    18
Throw: Stone             |       |     2 ||     2
 Stab: Sleeping          |     7 |    10 ||    17
       Distracted        |       |     1 ||     1
  Eat: Ration            |       |     1 ||     1
       Chunk             |       |     1 ||     1
Armor: Skin              |     5 |     3 ||     8
Dodge: Dodged            |    32 |    20 ||    52
